 Dungeon Crawl Stone Soup version 0.20-a0-301-g264e157 (webtiles) character file.

205 Junicave the Sneak (level 5, -8/31 HPs)
             Began as an Octopode Earth Elementalist on Dec 16, 2016.
             Mangled by an ogre
             ... wielding a +0 giant spiked club
              (18 damage)
             ... on level 3 of the Dungeon.
             The game lasted 00:13:15 (4635 turns).

Junicave the Sneak (Octopode Earth Elementalist)    Turns: 4635, Time: 00:13:15

Health: -8/31      AC:  1    Str:  8    XL:     5   Next: 83%
Magic:  2/10       EV: 14    Int: 18    God:
Gold:   175        SH:  0    Dex: 12    Spells: 6/10 levels left

rFire  . . .     SeeInvis .     p - +0 dagger (venom)
rCold  . . .     Gourm    .     (no shield)
rNeg   + . .     Faith    .     (helmet restricted)
rPois  .         Spirit   .     (no amulet)
rElec  .         Reflect  .     r - ring of wizardry
rCorr  .         Harm     .     y - ring of positive energy
MR     .....                    (no ring)
Stlth  ++++......               (no ring)
                                (no ring)
                                (no ring)
                                (no ring)
                                (no ring)

@: no status effects
A: almost no armour, stealthy swim, amphibious, 8 rings, constrict 8, camouflage
1, gelatinous body 1
a: no special abilities


You were on level 3 of the Dungeon.
You were not hungry.

You visited 1 branch of the dungeon, and saw 4 of its levels.

You collected 175 gold pieces.

Inventory:

Hand Weapons
 a - a +0 short sword
 h - a +0 mace
 p - a +0 dagger of venom (weapon)
 v - a +0 morningstar
Missiles
 b - 130 stones (quivered)
Armour
 s - a +0 shield
Jewellery
 r - a ring of wizardry (left tentacle)
 y - a ring of positive energy (right tentacle)
Scrolls
 e - 5 scrolls of identify {unknown}
 f - a scroll of recharging {unknown}
 g - 2 scrolls of remove curse {unknown}
 k - a scroll of magic mapping {unknown}
 m - a scroll of amnesia {unknown}
 n - 2 scrolls of fog {unknown}
 o - a scroll of enchant weapon {unknown}
 u - a scroll of random uselessness {unknown}
 w - a scroll of enchant armour {unknown}
 z - a scroll of blinking {unknown}
Potions
 i - a potion of berserk rage {unknown}
 j - 3 potions of curing {unknown}
 l - a potion of lignification {unknown}
Books
 d - a book of Geomancy

   Spells                             Type                      Level
   a - Sandblast                      Earth                        1
   b - Passwall                       Transmutation/Earth          2
   c - Stone Arrow                    Conjuration/Earth            3
   d - Petrify                        Transmutation/Earth          4
   e - Lee's Rapid Deconstruction     Earth                        5
Comestibles
 c - 3 bread rations
 q - a slice of pizza
 t - a meat ration
 x - 9 fruits
 A - 6 chunks of flesh


   Skills:
 + Level 3.3 Dodging
 + Level 4.5 Stealth
 * Level 3.3 Spellcasting
 + Level 1.6 Conjurations
   Level 1.0 Transmutations
 + Level 3.4 Earth Magic


You had 6 spell levels left.
You knew the following spells:

 Your Spells              Type           Power        Failure   Level  Hunger
a - Sandblast             Erth           ###...       1%          1    None
b - Stone Arrow           Conj/Erth      ##....       9%          3    ###....


Dungeon Overview and Level Annotations

Branches:
Dungeon (4/15)
 Temple: D:4-7

Altars:
Sif Muna


Innate Abilities, Weirdness & Mutations

You cannot wear most types of armour.
You are very stealthy in the water. (Stealth+)
You are amphibious.
You can wear up to eight rings at the same time.
You can use your tentacles to constrict eight enemies at once.
Your skin changes colour to match your surroundings (Stealth+).
Your rubbery body absorbs attacks. (AC +1, EV +1)


Message History

Aim: an ogre, wielding a giant spiked club (resting)
The stone arrow hits the ogre.
The ogre is moderately wounded.
The ogre shouts!
Casting: Stone Arrow
Confirm with . or Enter, or press ? or * to list all spells.
Aiming: Stone Arrow
Press: ? - help, Shift-Dir - straight line, f/p - ogre
Aim: an ogre, wielding a giant spiked club (moderately wounded)
The stone arrow hits the ogre.
The ogre is heavily wounded.
The ogre hits you with a giant spiked club!!
Ouch! That really hurt!
You hit the ogre.
The ogre is poisoned.
Your squeeze misses the ogre.
The ogre is heavily wounded.
You barely miss the ogre.
The ogre is severely wounded.
The ogre hits you with a giant spiked club!!
Ouch! That really hurt!
You die...

# #####.# # ####.# # #....#
#....#### #...##...#####
#####.###.#.#...# ).# #.#
#.#.....##### #.###.#
#.#..#......# ######## ......#
#....#..@O# ##......#
#.########...#..#........####.#
#.# #..........#.#.####.####.#
..# #.####..#..#.# # # ..##.#
######.##....#..... #.#.##.#
#.......##.####### #.#.##.#
#.##.#..##.# #......#
#.##.....(.####### ###.####
###.#......###.....# #.#


You could see an ogre.

Vanquished Creatures
  2 orc wizards
  3 adders
  4 gnolls
  An ooze (D:3)
  A worm (D:3)
  A dart slug (D:3)
  2 leopard geckos
  3 orcs (D:3)
  4 giant cockroaches
  6 goblins
  12 hobgoblins
  A jackal (D:1)
  A ball python (D:2)
  7 bats
  4 frilled lizards
  13 kobolds
  9 rats
74 creatures vanquished.

Notes
Turn   | Place    | Note
-------+----------+-------------------------------------------
     0 | D:1      | Junicave the Octopode Earth Elementalist began the quest for the Orb.
     0 | D:1      | Reached XP level 1. HP: 11/11 MP: 3/3
   553 | D:1      | Reached XP level 2. HP: 17/17 MP: 0/5
   631 | D:1      | Reached skill level 3 in Stealth
  1319 | D:1      | Reached XP level 3. HP: 11/21 MP: 6/6
  1460 | D:1      | Learned a level 3 spell: Stone Arrow
  2395 | D:1      | Reached XP level 4. HP: 24/27 MP: 8/8
  3493 | D:3      | Reached skill level 1 in Conjurations
  3945 | D:3      | Reached XP level 5. HP: 28/31 MP: 9/9
  3956 | D:3      | Reached skill level 4 in Stealth
  4021 | D:3      | Noticed an ogre
  4418 | D:3      | Found a deep blue altar of Sif Muna.
  4635 | D:3      | Mangled by an ogre

Vault maps used:
D:1:      dpeg_arrival_three_same_balls, minmay_misc_feat_cross,
          minmay_door_square
D:2:      first_bread
D:3:      lemuel_crystal_altar, minmay_misc_feat_columns, grunt_ministairs_11
D:4:      lemuel_zombie_altar_kikubaaqudgha, hangedman_ru_absence

Skill      XL: |  1  2  3  4  5 |
---------------+----------------+-----
Stealth        | 3 4 |  4.5
Spellcasting   | 3 |  3.3
Dodging        | 3 |  3.3
Conjurations   | 1 |  1.6
Transmutations | |  1.0
Earth Magic    | |  3.4

Action                   |  1- 3 |  4- 6 || total
-------------------------+-------+-------++-------
Melee: Short sword       |    33 |       ||    33
       Constrict         |    20 |    16 ||    36
       Tentacles         |     7 |    10 ||    17
       Dagger            |    35 |    59 ||    94
 Cast: Sandblast         |    27 |    25 ||    52
       Stone Arrow       |       |     2 ||     2
 Stab: Sleeping          |     4 |    11 ||    15
  Eat: Chunk             |     5 |     7 ||    12
Armor: Skin              |    12 |     6 ||    18
Dodge: Dodged            |    50 |    43 ||    93
